 Dungeon Crawl Stone Soup version 0.30-a0-618-gd6c86c23d0 (webtiles) character file.

Game seed: 14966928576200054703

50 acebull12 the Firebug (level 4, 0/35 HPs)
             Began as a Human Cinder Acolyte on Jan 9, 2023.
             Was a High Priest of Ignis.
             Slain by a gnoll
             ... wielding a +0 club
              (9 damage)
             ... on level 1 of the Dungeon.
             The game lasted 00:05:04 (1496 turns).

acebull12 the Firebug (Human Cinder Acolyte)        Turns: 1496, Time: 00:05:05

Health: 0/35       AC:  2    Str: 15    XL:     4   Next: 4%
Magic:  2/6        EV: 16    Int: 16    God:    Ignis [*****.]
Gold:   41         SH:  0    Dex:  8    Spells: 3/6 levels left

rFire   + . .      SeeInvis .    a - -1 falchion (flame)
rCold   . . .      Faith    .    (no shield)
rNeg    . . .      Spirit   .    b - +0 robe
rPois   .          Reflect  .    (no helmet)
rElec   .          Harm     .    (no cloak)
rCorr   .          Rampage  .    (no gloves)
Will    .....                    (no boots)
Stlth   +                        (no amulet)
HPRegen 0.25/turn                e - +5 ring of evasion
MPRegen 0.10/turn                (no ring)

@: no status effects
A: no striking features
a: Renounce Religion, Fiery Armour, Foxfire Swarm, Rising Flame


You were on level 1 of the Dungeon.
You worshipped Ignis.
Ignis was extremely pleased with you.
You visited 1 branch of the dungeon, and saw 2 of its levels.

You collected 41 gold pieces.

Inventory:

Hand Weapons
 a - a -1 falchion of flaming (weapon)
Armour
 b - a +0 robe (worn)
Jewellery
 e - a +5 ring of evasion (left hand)
Scrolls
 c - 2 scrolls of teleportation {unknown}
 g - a scroll of silence {unknown}
 i - a scroll of identify {unknown}
 j - a scroll of torment {unknown}
Potions
 d - a potion of attraction {unknown}
 f - 2 potions of curing {unknown}
 h - a potion of heal wounds {unknown}


   Skills:
 + Level 3.1 Fighting
 + Level 3.1 Long Blades
 * Level 1.7 Spellcasting
 * Level 0.6 Conjurations
 * Level 3.8 Fire Magic
 * Level 0.4 Air Magic


You had 3 spell levels left.
You knew the following spells:

 Your Spells              Type           Power      Damage    Failure   Level
a - Scorch                Fire           26%        2d6       7%          2
b - Shock                 Conj/Air       12%        1d3       17%         1

Your spell library contained the following spells:

 Spells                   Type           Power      Damage    Failure   Level
 Magic Dart               Conj           12%        1d3       16%         1
 Call Imp                 Summ           1%         N/A       32%         2
 Swiftness                Air            2%         N/A       47%         3
 Mephitic Cloud           Conj/Pois/Air  2%         N/A       50%         3
 Airstrike                Air            1%         2d(1-17)  87%         4


Dungeon Overview and Level Annotations

Branches:
Dungeon (2/15)

Altars:


Message History

You closely miss the gnoll.
The gnoll is moderately wounded.
The gnoll is no longer more vulnerable to fire.
The gnoll misses you.
You closely miss the gnoll.
The gnoll is moderately wounded.
The gnoll barely misses you.
You barely miss the gnoll.
The gnoll is moderately wounded.
The gnoll hits you with a +0 club.
You hit the gnoll but do no damage.
The gnoll is moderately wounded.
An adder comes into view.
The gnoll completely misses you.
The adder hisses angrily.
You hit the gnoll. You burn the gnoll.
The gnoll is heavily wounded.
The gnoll hits you with a +0 club.
You barely miss the gnoll.
The gnoll is heavily wounded.
A goblin comes into view. It is wielding a +0 dagger.
The gnoll hits you with a +0 club. The adder completely misses you.
The goblin shouts!
The gnoll hits you with a +0 club. The adder misses you.
You climb upwards.
There is a stone staircase leading down here.
The adder closely misses you. The adder attacks as you move away!
The adder bites you. The gnoll attacks as you move away!
The gnoll barely misses you. The gnoll attacks as you move away!
The gnoll hits you with a +0 club.
You hit the gnoll but do no damage.
The gnoll is heavily wounded.
The gnoll hits you with a +0 club! The gnoll hits you with a +0 club.
* * * LOW HITPOINT WARNING * * *
Casting: Scorch (safe; 7% risk of failure)
Confirm with . or Enter, or press ? or * to list all spells.
Flames lash the adder.
The adder is severely wounded.
The adder's fire resistance burns away.
The gnoll hits you with a +0 club!
You die...

#.# ##.#.#.#
####.####....#.###
#........[.......#
#.##.####..[.#.#.#
#.##.###.....#.#.#
#)#.#.###...#..#.#
...###.....###.#.#####
..#.#.###.## ##......#
..##.......###.#@###.#
............#.##g###.#
#.##.####.>.....S.##.#
################.###.#
............## ### #.#
#####+#####..# #.#
####...#####.## #.###
##.......###..# #...#
#.........#...# ###.#


You could see a gnoll and an adder (combustible).

Vanquished Creatures
  A dart slug (D:2)
  5 bats
  5 endoplasms
  A giant cockroach (D:1)
  4 goblins
  4 hobgoblins
  4 jackals (D:1)
  3 kobolds (D:1)
  4 quokkas (D:1)
  6 ball pythons (D:1)
  A frilled lizard (D:1)
  5 rats
43 creatures vanquished.

Notes
Turn   | Place    | Note
-------+----------+-------------------------------------------
     0 | D:1      | acebull12 the Human Cinder Acolyte began the quest for the
                  | Orb.
     0 | D:1      | Reached XP level 1. HP: 18/18 MP: 2/2
    82 | D:1      | Reached XP level 2. HP: 15/24 MP: 3/3
    91 | D:1      | Learned a level 2 spell: Scorch
   396 | D:1      | Learned a level 1 spell: Shock
   509 | D:1      | Reached XP level 3. HP: 29/29 MP: 1/4
  1370 | D:2      | Reached XP level 4. HP: 33/35 MP: 2/6
  1496 | D:1      | Slain by a gnoll

Illustrated notes

Levels and vault maps discovered:
D:1:      dpeg_arrival_three_smaller_balls, layout_loops_ring, st_stairs_4
D:2:      layout_rooms, nicolae_grassy_gnolls, uniq_robin

Action                   |  1- 3 |  4- 6 || total
-------------------------+-------+-------++-------
Melee: Falchion          |    82 |     7 ||    89
       Punch             |     1 |       ||     1
 Cast: Scorch            |    16 |     4 ||    20
Armor: Robe              |    11 |       ||    11
Dodge: Dodged            |    57 |     8 ||    65

Table legend: (Time is in decaauts)
 A = Elapsed time spent in this place.
 B = Non-inter-level travel time spent in this place.
 C = Inter-level travel time spent in this place.
 D = Time resting spent in this place.
 E = Time spent auto-exploring this place.
 F = Levels seen in this place.
 G = Mean time per level.
                   A        B        C        D        E       F      G
               +--------+--------+--------+--------+--------+-----+--------+
         Total |   1508 |   1429 |     79 |    266 |    815 |   2 |  754.0 |
       Dungeon |   1508 |   1429 |     79 |    266 |    815 |   2 |  754.0 |
               +--------+--------+--------+--------+--------+-----+--------+

Top non-repeatable levels by time:
     D:1: 1220 daAuts
     D:2: 288 daAuts
